 Dungeon Crawl Stone Soup version 0.18.1-48-g4cf74bf (webtiles) character file.

53 RickumRackum the Ruffian (level 3, 0/30 HPs)
             Began as a Draconian Transmuter on Aug 26, 2016.
             Succumbed to an adder's poison
             ... on level 1 of the Dungeon.
             The game lasted 00:08:55 (1331 turns).

RickumRackum the Ruffian (Draconian Transmuter)     Turns: 1331, Time: 00:08:56

Health: 0/30       AC:  8    Str: 13    XL:     3   Next: 62%
Magic:  6/6        EV: 12    Int: 13    God:
Gold:   100        SH:  0    Dex: 11    Spells: 1 memorised, 5 levels left

rFire  . . .     SeeInvis .     i - +0 hand axe
rCold  . . .     Gourm    .     (armour unavailable)
rNeg   . . .     Faith    .     (no shield)
rPois  .         Spirit   .     (helmet restricted)
rElec  .         Dismiss  .     (no cloak)
rCorr  .         Reflect  .     (no gloves)
SustAt .         Harm     .     l - +2 pair of boots {Stlth+}
MR     .....                    (no amulet)
Stlth  ++........               (no ring)
                                (no ring)

@: lethally poisoned (0 -> -4), about to teleport, not resistant to hostile
enchantments, unstealthy
A: unfitting armour, cold-blooded, AC +5
a: no special abilities


You were on level 1 of the Dungeon.
You were not hungry.

You visited 1 branch of the dungeon, and saw 2 of its levels.

You collected 100 gold pieces.

Inventory:

Hand Weapons
 e - a +0 dagger
 i - a +0 hand axe (weapon)
Missiles
 a - 12 arrows (quivered)
Armour
 l - a +2 pair of boots of stealth (worn)
Scrolls
 d - 2 scrolls of identify
 f - a scroll of enchant armour
Potions
 h - a potion of degeneration {unknown}
Books
 b - a book of Changes

   Spells                             Type                      Level
   a - Beastly Appendage              Transmutation                1
   b - Sticks to Snakes               Transmutation                2
   c - Spider Form                    Transmutation/Poison         3
   d - Ice Form                       Ice/Transmutation            4
   e - Blade Hands                    Transmutation                5
Comestibles
 c - a bread ration


   Skills:
 + Level 2.5 Fighting
 * Level 2.5 Axes
 - Level 1.7 Dodging
 - Level 3.0 Unarmed Combat
 - Level 2.0 Spellcasting
 - Level 2.0 Transmutations


You had 5 spell levels left.
You knew the following spells:

 Your Spells              Type           Power        Failure   Level  Hunger
a - Beastly Appendage     Trmt           #.....       12%         1    ##.....


Dungeon Overview and Level Annotations

Branches:
Dungeon (2/15)

Altars:


Innate Abilities, Weirdness & Mutations

Your plain brown scales are hard (AC +5).
Your body does not fit into most forms of armour.
You are cold-blooded and may be slowed by cold attacks.


Message History

The worm bites you but does no damage.
You hit the worm but do no damage.
You tail-slap the worm, but do no damage.
The worm is severely wounded.
Your horns disappear.
The worm misses you. The adder bites you but does no damage.
There is a stone staircase leading up, spattered with blood here.
The adder bites you but does no damage.
You climb upwards.
There is a stone staircase leading down here.
Read which item? (? for menu, Esc to quit)
As you read the scroll of teleportation, it crumbles to dust.
You feel strangely unstable. The adder closely misses you. The adder bites you.
* * * LOW HITPOINT WARNING * * *
You are lethally poisoned!
The adder poisons you!
* * * LOW HITPOINT WARNING * * *
You feel sick.
You die...

.......# #.....# ..######
#####.# .## #.# .# #.# .# #.#
.# ########################.#
.###...##...................#
.##.....#........############
........#.......@#
.................#
####...##.......S#
##.###.......># ########
#............# #.......
########.##### #.###### #.#
#.# #.#############.#
#...............#


You could see an adder.

Vanquished Creatures
  2 adders (D:2)
  2 worms (D:2)
  A giant gecko (D:1)
  3 bats
  2 giant cockroaches
  4 hobgoblins
  5 kobolds
  A giant newt (D:1)
  4 goblins
  3 rats (D:1)
27 creatures vanquished.

Notes
Turn   | Place    | Note
--------------------------------------------------------------
     0 | D:1      | RickumRackum the Draconian Transmuter began the quest for the Orb.
     0 | D:1      | Reached XP level 1. HP: 16/16 MP: 3/3
   401 | D:1      | Reached XP level 2. HP: 24/24 MP: 3/5
   606 | D:1      | Reached skill level 1 in Axes
   885 | D:2      | Reached XP level 3. HP: 30/30 MP: 4/6
  1307 | D:2      | HP: 1/30 [worm (4)]
  1328 | D:1      | HP: 1/30 [adder (1)]
  1331 | D:1      | Succumbed to an adder's poison

Skill      XL: |  1  2  3 |
---------------+----------+-----
Fighting       | 2 |  2.5
Axes           | 1 2 |  2.5
Dodging        | |  1.7
Unarmed Combat | |  3.0
Spellcasting   | |  2.0
Transmutations | |  2.0

Action                   || total
-------------------------++-------
Melee: Dagger            ||    15
       Unarmed           ||     7
       Tailslap          ||     8
       Hand axe          ||    94
       Headbutt          ||     7
       Punch             ||     2
       Kick              ||     1
 Cast: Beastly Appendage ||    17
  Use: Potion            ||     5
       Scroll            ||     5
  Eat: Chunk             ||     3
Armor: Skin              ||    63
Dodge: Dodged            ||    94
